 Dungeon Crawl Stone Soup version 0.29-a0-330-g52719c12eb (webtiles) character file.

Game seed: 7290820953404589812

1045 vineage the Skirmisher (level 8, -1/51 HPs)
             Began as a Gargoyle Fighter on May 6, 2022.
             Frozen to death by initializr's ghost (10 damage)
             ... on level 5 of the Dungeon.
             The game lasted 00:05:32 (5562 turns).

vineage the Skirmisher (Gargoyle Fighter)           Turns: 5562, Time: 00:05:32

Health: -1/51      AC: 17    Str: 21    XL:     8   Next: 25%
Magic:  8/8        EV: 13    Int:  8    God:
Gold:   338        SH:  5    Dex: 11    Spells: 7/7 levels left

rFire   . . .      SeeInvis .   a - +1 flail
rCold   . . .      Faith    .   c - +0 buckler
rNeg    + . .      Spirit   .   b - +0 scale mail
rPois   ∞          Reflect  .   j - +0 helmet
rElec   +          Harm     .   (no cloak)
rCorr   .          Rampage  .   (no gloves)
Will    .....                   g - +1 pair of boots
Stlth   ..........              (no amulet)
HPRegen 0.17/turn               q - +4 ring of evasion
MPRegen 0.11/turn               (no ring)

@: no status effects
A: sickness immunity, AC +5, negative energy resistance 1, electricity
resistance, torment resistance 1, petrification resistance, shaggy fur 1
a: no special abilities


You were on level 5 of the Dungeon.
You visited 2 branches of the dungeon, and saw 6 of its levels.

You collected 338 gold pieces.

Inventory:

Hand Weapons
 a - a +1 flail (weapon)
Armour
 b - a +0 scale mail (worn)
 c - a +0 buckler (worn)
 g - a +1 pair of boots (worn)
 j - a +0 helmet (worn)
Jewellery
 q - a +4 ring of evasion (left hand)
Wands
 k - a wand of paralysis (8)
Scrolls
 d - 2 scrolls of immolation
 e - a scroll of magic mapping
 f - a scroll of enchant weapon
 h - 2 scrolls of identify
 m - 2 scrolls of fog
 o - a scroll of teleportation
 p - 2 scrolls of enchant armour
Potions
 i - 5 potions of degeneration
 l - a potion of brilliance
 n - a potion of mutation


   Skills:
 + Level 6.1 Fighting
 + Level 5.0 Maces & Flails
 + Level 6.0 Armour
 + Level 6.1 Shields


You had 7 spell levels left.
You didn't know any spells.
Your spell library contained the following spells:

 Spells                   Type           Power      Damage    Failure   Level
 Static Discharge         Conj/Air       0%         N/A       91%         2
 Dispel Undead            Necr           0%         3d6       100%        4
 Sticky Flame             Conj/Fire      0%         2d3       100%        4


Dungeon Overview and Level Annotations

Branches:
Dungeon (5/15)             Temple (1/1) D:5

Altars:
Ashenzari
Cheibriados
Dithmenos
Elyvilon
Fedhas
Gozag
Hepliaklqana
Makhleb
Nemelex Xobeh
Qazlal
Ru
Sif Muna
Wu Jian
Xom
Yredelemnul
Zin
The Shining One

Annotations:
D:5 initializr's ghost, novice NaIE


Innate Abilities, Weirdness & Mutations

You are immune to sickness and miasma.
Your stone body is resilient. (AC +5)
You are immune to poison.
You resist negative energy. (rN+)
You are resistant to electric shocks. (rElec)
You are resistant to unholy torment.
You are immune to petrification.
You are covered in fur. (AC +1)


Message History

Initializr's ghost turns its malevolent gaze towards you.
Found a stone staircase leading down.
Done exploring.
Done exploring.
Done exploring.
Done exploring.
As you open the gate, it creaks loudly!
Initializr's ghost attacks as you move away!
Initializr's ghost hits you but does no damage.
Initializr's ghost attacks as you move away!
Initializr's ghost hits you but does no damage.
Sorry, you're not good enough to have a special ability.
Okay, then.
You barely miss initializr's ghost. Initializr's ghost barely misses you.
You closely miss initializr's ghost. You block initializr's ghost's attack.
You sock initializr's ghost!
Initializr's ghost is moderately damaged.
Initializr's ghost freezes you.
You are frozen!
You barely miss initializr's ghost.
Initializr's ghost is moderately damaged.
Initializr's ghost freezes you.
You are frozen.
You block initializr's ghost's attack.
You hit initializr's ghost but do no damage.
Initializr's ghost is moderately damaged.
You block initializr's ghost's attack.
You barely miss initializr's ghost.
Initializr's ghost is moderately damaged.
Initializr's ghost freezes you.
You are frozen!
You hit initializr's ghost.
Initializr's ghost is moderately damaged.
Initializr's ghost freezes you.
You are frozen!
* * * LOW HITPOINT WARNING * * *
You closely miss initializr's ghost.
Initializr's ghost is moderately damaged.
Initializr's ghost freezes you.
You are frozen!
You die...

#####.......##.⌠.########..######
### #...(...#.#.#.## ##.......
..###.......'..#...#### ###.....
............'K.....#..#######....
..##........'.K#...##.......#....
##......<[KK#K#.#.#########......
#.##.....KK##.⌠.##|)..#####.....
#.###.####.K#########.......)..#
#.###.# #.#.##@# ##......>.>..
#<##..####...##W####..##.##.....
#.##.###....K.KK.........##.....
##....##....####.#####.#######.#.
...###.....##.....# #.# #..##
...###.#.(.##.###.# #.# #.###
..###..........##.# #.# #.# #
...)...........##.# #.# ###.###
.#####.........##.# ##.# #.....#


You could see initializr's ghost and 2 kobolds.

Vanquished Creatures
  Sigmund (D:3)
  An acid dragon (D:4)
  A sky beast (D:5)
  A black bear (D:5)
  An ice beast (D:5)
  An ogre (D:5)
  A scorpion (D:4)
  A hound (D:5)
  5 jellies
  An orc priest (D:5)
  Ijyb (D:3)
  An iguana (D:4)
  3 adders
  4 dart slugs
  6 orcs
  8 bats
  5 endoplasms
  4 giant cockroaches
  7 goblins
  2 hobgoblins
  3 jackals (D:4)
  6 quokkas
  4 ball pythons
  3 frilled lizards
  5 kobolds
  4 rats
80 creatures vanquished.

Notes
Turn   | Place    | Note
-------+----------+-------------------------------------------
     0 | D:1      | vineage the Gargoyle Fighter began the quest for the Orb.
     0 | D:1      | Reached XP level 1. HP: 14/14 MP: 1/1
   281 | D:1      | Reached XP level 2. HP: 19/19 MP: 2/2
   778 | D:1      | Reached XP level 3. HP: 23/23 MP: 3/3
   961 | D:2      | Found a hazy altar of Hepliaklqana.
  1453 | D:2      | Reached XP level 4. HP: 26/29 MP: 4/4
  1620 | D:3      | Noticed Ijyb
  1620 | D:3      | Paralysed by Ijyb for 3 turns
  1634 | D:3      | Paralysed by Ijyb for 2 turns
  1637 | D:3      | Killed Ijyb
  1819 | D:3      | Found a faded altar of an unknown god.
  2032 | D:3      | Noticed Sigmund
  2039 | D:3      | Killed Sigmund
  2040 | D:3      | Reached XP level 5. HP: 32/34 MP: 5/5
  2040 | D:3      | Reached XP level 6. HP: 37/39 MP: 6/6
  2192 | D:3      | Gained mutation: You are covered in fur. (AC +1) [potion of
                  | mutation]
  2757 | D:4      | Reached skill level 5 in Fighting
  3073 | D:4      | Reached skill level 5 in Armour
  3073 | D:4      | Reached skill level 5 in Shields
  3073 | D:4      | Reached XP level 7. HP: 41/44 MP: 7/7
  3262 | D:5      | Entered Level 5 of the Dungeon
  3262 | D:5      | Noticed initializr's ghost (novice NaIE)
  3262 | D:5      | Found a runed translucent gate.
  3262 | D:5      | Found a runed translucent gate.
  3262 | D:5      | Found a runed translucent gate.
  3286 | D:5      | Found a staircase to the Ecumenical Temple.
  4345 | Temple   | Entered the Ecumenical Temple
  4632 | D:5      | Reached XP level 8. HP: 25/51 MP: 8/8
  4997 | D:5      | HP: 3/76 [ogre/+0 giant spiked club (4)]
  4999 | D:5      | Reached skill level 5 in Maces & Flails
  5562 | D:5      | Frozen to death by initializr's ghost

Illustrated notes

Levels and vault maps discovered:
D:1:      minmay_arrival_radiant_lines, layout_loops_ring
D:2:      layout_basic, basic_altar
D:3:      layout_basic, hellmonk_ecumenical_altar_inner_sanctum, uniq_sigmund,
          uniq_ijyb
D:4:      layout_gridville
D:5:      layout_rooms, minmay_temple_entry_trees, gammafunk_ghost_nasty_kobolds
Temple:   minmay_crystal_spiral_temple

Skill      XL: |  1  2  3  4  5  6  7  8 |
---------------+-------------------------+-----
Fighting       | 4 5 6 |  6.1
Shields        | 4 5 6 |  6.1
Armour         | 4 5 6 |  6.0
Maces & Flails | 3 4 5 |  5.0

Action                   |  1- 3 |  4- 6 |  7- 9 || total
-------------------------+-------+-------+-------++-------
Melee: Flail             |   112 |   120 |   111 ||   343
  Use: Scroll            |     1 |    14 |     2 ||    17
       Potion            |       |     2 |     4 ||     6
Armor: Scale mail        |    83 |    68 |    64 ||   215
Dodge: Dodged            |    64 |    56 |    71 ||   191
Block: Buckler           |    29 |    28 |    28 ||    85

Table legend: (Time is in decaauts)
 A = Elapsed time spent in this place.
 B = Non-inter-level travel time spent in this place.
 C = Inter-level travel time spent in this place.
 D = Time resting spent in this place.
 E = Time spent auto-exploring this place.
 F = Levels seen in this place.
 G = Mean time per level.
                   A        B        C        D        E       F      G
               +--------+--------+--------+--------+--------+-----+--------+
         Total |   5656 |   5376 |    280 |   1306 |   3227 |   6 |  942.7 |
       Dungeon |   5445 |   5249 |    196 |   1306 |   3116 |   5 | 1089.0 |
        Temple |    210 |    126 |     84 |      0 |    111 |   1 |  210.0 |
               +--------+--------+--------+--------+--------+-----+--------+

Top non-repeatable levels by time:
     D:4: 1918 daAuts
     D:5: 1280 daAuts
     D:1: 916 daAuts
     D:2: 674 daAuts
     D:3: 655 daAuts
  Temple: 210 daAuts
